Map: Protocollo centrale

Players

Goosboow - Winner!

  • Race: Terran Terran
  • League: Gold

Jhyrachy

  • Race: Zerg Zerg
  • League: Silver

VOD

Have the link to the VOD?

Description

Time

  • Played on: March 25, 2016, 4:38 p.m.
  • Length: 14:32
Show
View Real Time Build Order
Export as new Build Order

Goosboow Terran - Winner!

Build Orders: Banshee Rush 

Get SALT Encoding   

  12  0:00  SCV  
  13  0:12  SCV  
  14  0:18  Supply Depot  
  14  0:25  SCV  
  15  0:29  Refinery  
  15  0:39  SCV  
  16  0:49  Barracks  
  16  0:51  SCV  
  16  0:56  Refinery  
  17  1:04  SCV  
  18  1:16  SCV  
  19  1:31  SCV  
  20  1:36  Barracks Reactor  
  20  1:40  Factory  
  20  1:43  SCV  
  21  1:56  Orbital Command  
  21  2:12  Marine x2  
  23  2:28  Supply Depot  
  23  2:30  Starport  
  23  2:44  Barracks Tech Lab  
  23  2:47  Supply Depot  
  23  2:50  SCV  
  24  2:52  Armory  
  24  2:54  Hellion x2  
  28  3:02  SCV  
  29  3:10  Supply Depot  
  29  3:15  Hellion  
  29  3:16  Hellion  
  29  3:17  Medivac  
  35  3:24  Cloaking Field  
  35  3:32  SCV  
  36  3:40  Widow Mine  
  38  3:43  Widow Mine  
  38  3:46  Banshee  
  43  4:05  Command Center  
  33  5:03  Banshee  
  33  5:05  SCV  
  37  5:10  Hellbat x2  
  41  5:47  Orbital Command  
  41  5:55  Barracks Reactor  
  41  5:56  Banshee, Starport  
  44  6:45  Liberator x2  
  44  6:46  Banshee  
  47  7:04  Starport  
  47  7:05  Barracks Tech Lab  
  46  7:25  Orbital Command  
  43  7:31  Banshee  
  46  7:51  SCV x2  
  48  8:03  SCV x2  
  50  8:13  Banshee  
  50  8:15  SCV  
  50  8:16  SCV  
  55  8:25  Supply Depot  
  55  8:26  Supply Depot  
  55  8:27  Supply Depot  
  55  8:30  Supply Depot  
  55  8:43  Supply Depot  
  52  9:08  Refinery x2  
  52  9:15  Bunker  
  52  9:29  SCV  
  52  9:30  SCV  
  54  9:39  Terran Ship Weapons Level 1  
  54  9:43  Armory  
  54  9:51  Widow Mine x2  
  54  9:52  Liberator x2  
  58  10:02  Barracks Reactor  
  58  10:05  Command Center  
  58  10:12  Banshee x2  
  70  10:34  Engineering Bay  
  70  10:36  SCV x2  
  72  10:47  Command Center  
  72  10:53  Starport  
  72  10:58  Starport  
  72  11:01  Barracks Reactor  
  72  11:34  Orbital Command  
  72  11:36  SCV x2  
  72  11:39  Terran Vehicle And Ship Armor Level 1  
  74  11:49  Terran Ship Weapons Level 2  
  74  11:58  Marine  
  75  12:15  Marine  
  75  12:18  Liberator x4  
  75  12:19  Liberator  
  75  12:20  Liberator  
  91  13:03  Raven  
  91  13:05  Liberator x3  
  93  13:06  Liberator x3  
  111  13:47  Command Center  
  111  13:49  Command Center  
  111  13:59  Missile Turret  
  111  14:00  Missile Turret  
  111  14:01  Missile Turret  
  111  14:02  Missile Turret  
  111  14:04  Missile Turret x2  
  111  14:05  Missile Turret  
Show
View Real Time Build Order
Export as new Build Order

Jhyrachy Zerg 

Build Orders: Hatch First 

Get SALT Encoding   

  12  0:02  Drone  
  13  0:10  Drone  
  14  0:17  Overlord  
  15  0:35  Drone x2  
  15  0:36  Drone  
  17  0:58  Hatchery, Drone  
  17  1:01  Extractor  
  17  1:02  Drone  
  17  1:22  Spawning Pool  
  16  1:26  Drone  
  16  1:27  Drone  
  18  2:03  Drone  
  18  2:04  Drone x2  
  18  2:08  Extractor  
  20  2:09  Queen  
  20  2:10  Overlord  
  20  2:15  Queen  
  24  2:25  Drone x3  
  27  2:39  Metabolic Boost  
  27  2:54  Overlord x2  
  27  3:07  Drone  
  27  3:08  Drone x4  
  32  3:14  Lair  
  32  3:16  Queen  
  34  3:44  Evolution Chamber  
  34  3:48  Spore Crawler  
  32  3:51  Spore Crawler  
  31  3:59  Zergling x2  
  31  4:00  Zergling x18  
  41  4:11  Queen  
  35  4:30  Queen  
  21  4:48  Zergling x2  
  21  4:49  Zergling x20  
  29  5:37  Queen  
  31  5:47  Drone  
  31  5:48  Drone x9  
  41  6:11  Spore Crawler  
  40  6:29  Spore Crawler  
  37  6:53  Queen  
  37  7:10  Spore Crawler  
  27  7:56  Drone  
  27  7:57  Drone x15  
  43  8:01  Extractor  
  43  8:02  Hatchery  
  41  8:18  Extractor  
  40  9:13  Overseer  
  40  9:38  Roach Warren  
  39  9:56  Zergling x6  
  42  10:13  Nydus Network  
  41  10:32  Spire  
  40  10:50  Drone x9  
  40  10:51  Drone  
  40  10:52  Overlord x2  
  40  10:53  Overlord x2  
  49  11:27  Queen  
  49  11:28  Queen x2  
  55  11:33  Overlord x3  
  55  11:34  Overlord  
  55  11:45  Corruptor x5  
  65  11:54  Corruptor x5  
  79  12:06  Overseer  
  68  13:04  Hatchery  
  67  13:14  Overlord  
  67  13:15  Overlord x7  
  67  13:25  Pneumatized Carapace  
  67  13:57  Hatchery  
Tags
 
Add a new tag
Caveats
  • Supply blocks, unpowered buildings, or Contaminate may cause inaccurate times.
  • Supply counts are checked every 10 seconds.